 Dungeon Crawl Stone Soup version 0.25-a0-317-g5f8687b (webtiles) character file.

Game seed: 13058072775774081730, levelgen mode: deterministic

39837 15 the Zephyrmancer (level 14, -9/76 HPs)
             Began as a Tengu Air Elementalist on Dec 23, 2019.
             Was a High Priest of Vehumet.
             Mangled by an orc knight
             ... wielding a +3 great mace of protection
              (30 damage)
             ... on level 1 of the Orcish Mines on Dec 25, 2019.
             The game lasted 03:35:01 (25086 turns).

15 the Zephyrmancer (Tengu Air Elementalist)       Turns: 25086, Time: 03:35:06

Health: -9/76      AC: 11    Str: 10    XL:     14   Next: 8%
Magic:  0/29       EV: 22    Int: 18    God:    Vehumet [*****.]
Gold:   877        SH:  2    Dex: 16    Spells: 1/34 levels left

rFire    . . .     SeeInvis .   l - +0 rapier (venom)
rCold    . . .     Gourm    .   (no shield)
rNeg     . . .     Faith    .   R - +0 troll leather armour
rPois    .         Spirit   .   (helmet restricted)
rElec    .         Reflect  +   r - +1 cloak
rCorr    .         Harm     .   (no gloves)
MR       +....                  (boots unavailable)
Stlth    +++.......             Y - +2 amulet of reflection
HPRegen  0.62/turn              d - ring of wizardry
MPRegen  0.21/turn              y - +3 ring of protection

@: flying quickly and evasively, very slightly contaminated, studying 2 skills,
quick
A: beak, talons 3, able to fly
a: Stop Flying, Renounce Religion


You were on level 1 of the Orcish Mines.
You worshipped Vehumet.
Vehumet was extremely pleased with you.
You were not hungry.

You visited 3 branches of the dungeon, and saw 17 of its levels.
You also visited: Bailey and Ice Cave.

You collected 1017 gold pieces.
You spent 140 gold pieces at shops.

Inventory:

Hand Weapons
 e - a +1 scimitar of slicing
 l - a +0 rapier of venom (weapon)
 n - the +6 shillelagh "Devastator" {shatter}
   (You found it on level 14 of the Dungeon)
 p - the +1 scimitar "Zaorasam" {slice, rElec rF+ rC- Str+6}
   (You found it on level 4 of the Dungeon)

   It inflicts extra damage upon your enemies.
   It affects your strength (+6).
   It protects you from fire.
   It makes you vulnerable to cold.
   It insulates you from electricity.
 J - a +3 scimitar of flaming
 K - a +0 dagger of holy wrath
 S - a +4 hand axe of venom
 X - a +2 bardiche of protection
Missiles
 w - 69 poisoned darts (quivered)
 P - 2 throwing nets
Armour
 a - a +2 plate armour of poison resistance
 h - a +0 shield of positive energy
 r - a +1 cloak (worn)
 B - a +0 robe of resistance
 R - a +0 troll leather armour (worn)
Magical Staves
 D - an uncursed staff of summoning
 F - an uncursed staff of earth
Jewellery
 b - an uncursed ring of positive energy
 d - a ring of wizardry (left hand)
 m - an uncursed ring of positive energy
 q - the ring of Xusynaiwna {rPois rF+ MP-9 Str+3}
   (You found it on level 5 of the Dungeon)

   [ring of poison resistance]

   It affects your strength (+3).
   It protects you from fire.
   It protects you from poison.
   It affects your magic capacity (-9).
 y - a +3 ring of protection (right hand)
 C - an uncursed ring of protection from magic
 Y - a +2 amulet of reflection (around neck)
Wands
 f - a wand of disintegration (1)
 k - a wand of paralysis (8)
 E - a wand of scattershot (10)
 L - a wand of iceblast (1)
 U - a wand of enslavement (8)
 Z - a wand of digging (2)
Scrolls
 o - 14 scrolls of remove curse
 s - 5 scrolls of amnesia
 v - 2 scrolls of fog {unknown}
 G - a scroll of holy word {unknown}
 H - 2 scrolls of fear {unknown}
 I - 4 scrolls of enchant weapon
Potions
 g - a potion of heal wounds
 t - 3 potions of mutation
 u - a potion of haste
 z - a potion of degeneration {unknown}
 T - a potion of cancellation {unknown}
Books
 i - a manual of Shields
 N - a manual of Earth Magic
 Q - a manual of Earth Magic
Miscellaneous
 V - a fan of gales (inert)
 W - a sack of spiders
Comestibles
 c - 11 rations


   Skills:
 * Level 4.9 Fighting
 + Level 4.7(4.8) Short Blades
 + Level 1.2(3.2) Long Blades
 + Level 2.1 Polearms
 + Level 2.1 Throwing
 * Level 9.8 Armour
 * Level 10.3 Dodging
 + Level 4.2 Stealth
 + Level 0.7 Shields
 + Level 10.5 Spellcasting
 * Level 10.7 Conjurations
 + Level 0.1 Charms
 + Level 0.8 Translocations
 + Level 0.2 Transmutations
 * Level 5.1 Fire Magic
 + Level 13.3 Air Magic
 * Level 1.4 Earth Magic
 + Level 1.8 Poison Magic
 * Level 4.2 Evocations


You had one spell level left.
You knew the following spells:

 Your Spells              Type           Power        Failure   Level  Hunger
a - Shock                 Conj/Air       ####         1%          1    None
b - Swiftness             Chrm/Air       ####....     1%          2    None
c - Starburst             Conj/Fire      #####.....   7%          6    ######.
d - Airstrike             Air            ######....   1%          4    ###....
e - Lightning Bolt        Conj/Air       ######....   1%          5    #####..
f - Mephitic Cloud        Conj/Pois/Air  #####...     1%          3    None
g - Blink                 Tloc           N/A          4%          2    None
h - Ignite Poison         Fire/Tmut/Pois ###.....     1%          3    None
i - Sticky Flame          Conj/Fire      #####...     1%          4    ###....
j - Stone Arrow           Conj/Erth      ####..       1%          3    None

Your spell library contained the following spells:

 Spells                   Type           Power        Failure   Level  Hunger
 Magic Dart               Conj           ####         1%          1    None
 Corona                   Hex            #......      4%          1    None
 Summon Small Mammal      Summ           #...         4%          1    None
 Conjure Flame            Conj/Fire      #####...     1%          3    None
 Dazzling Flash           Conj/Hex       ####..       1%          3    None
 Static Discharge         Conj/Air       ######..     1%          3    None
 Summon Lightning Spire   Summ/Air       ####....     2%          4    ###....
 Call Imp                 Summ           #.......     6%          2    None
 Ensorcelled Hibernation  Hex/Ice        #.....       6%          2    None
 Slow                     Hex            #.......     6%          2    None
 Call Canine Familiar     Summ           #.......     12%         3    None
 Confuse                  Hex            #.......     12%         3    None
 Summon Guardian Golem    Hex/Summ       #.......     12%         3    None
 Tukima's Dance           Hex            #.......     12%         3    None
 Summon Ice Beast         Ice/Summ       #.......     34%         4    ###....


Dungeon Overview and Level Annotations

Branches:
Dungeon (14/15)            Temple (1/1) D:4            Lair (0/6) D:11
    Orc (2/2) D:11            Elf (0/3) Orc:2        Vaults (0/5) D:13
 Bailey (visited)           IceCv (visited)

Altars:
Ashenzari
Cheibriados
Dithmenos
Elyvilon
Fedhas
Gozag
Hepliaklqana
Kikubaaqudgha
Makhleb
Nemelex Xobeh
Okawaru
Qazlal
Ru
Sif Muna
Trog
Uskayaw
Vehumet
Wu Jian
Xom
Yredelemnul
Zin
The Shining One
Jiyva

Shops:
D:7 (:   D:8 %

Annotations:
D:3 exclusion: oklob plant
Orc:2 Urug


Innate Abilities, Weirdness & Mutations

You have a beak for a mouth.
You have claws for feet.
You can fly continuously.


Message History

Confirm with . or Enter, or press ? or * to list all spells.
You miscast Ignite Poison.
You are very lightly contaminated with residual magic.
You feel uncomfortably hot.
You closely miss the orc knight. Your peck misses the orc knight.
The orc knight is heavily wounded.
The orc knight completely misses you.
You hit the orc knight but do no damage.
The orc knight looks even sicker.
Your kick misses the orc knight.
You peck the orc knight, but do no damage.
The orc knight is heavily wounded.
The orc knight hits you with a +3 great mace of protection!!
* * * LOW HITPOINT WARNING * * *
Casting: Ignite Poison (safe; 1% risk of failure)
Confirm with . or Enter, or press ? or * to list all spells.
You ignite the poison in your surroundings!
The orc knight seems to burn from within!
The orc knight is severely wounded.
The orc knight hits you with a +3 great mace of protection!!
You die...

######## ### ####.##.#.####.##
##.#........##...##
#..........##.#...#
##................#
###..............##
##...............#
####....@..........##
##.###...o.>........### #
#...........รท.........####
#####......................#..
##.#.#.....#...................
#.........#.#.........#........
##....#.#....#.................
###..##.......................
#...#.............(...(.....


You could see an orc knight.

Vanquished Creatures
  A death knight (D:13)
  5 two-headed ogres (D:14)
  6 skeletal warriors
  An unseen horror (D:13)
  An orange crystal statue (D:12)
  A phantasmal warrior (D:13)
  A necromancer (IceCv)
  2 ugly things (D:13)
  A deep elf mage (D:14)
  A manticore (D:14)
  5 cyclopes
  3 ice statues (IceCv)
  Maurice (D:8)
  3 centaur zombies
  A spiny frog (shapeshifter) (D:13)
  An efreet (D:14)
  A kobold demonologist (D:12)
  A komodo dragon (D:11)
  A freezing wraith (D:13)
  8 ice devils (IceCv)
  9 trolls
  A merfolk (D:11)
  A hornet (D:13)
  Grinder (D:5)
  2 hippogriffs
  19 yaks
  3 wraiths
  Eustachio (D:4)
  5 hungry ghosts
  4 vampire mosquitoes
  Menkaure (D:5)
  5 wargs
  Edmund (D:4)
  A water moccasin (D:6)
  13 ice beasts
  6 black bears
  3 phantoms
  A hornet zombie (D:11)
  30 orc warriors
  2 sky beasts
  A necrophage (D:13)
  12 ogres
  5 boggarts (D:14)
  23 centaurs
  A big kobold (D:9)
  4 crocodiles
  4 bullfrogs
  A wyvern zombie (D:9)
  5 scorpions
  A water moccasin skeleton (D:11)
  5 wights (D:8)
  9 killer bees
  2 howler monkeys
  A bullfrog zombie (D:13)
  7 crimson imps
  A quasit (D:9)
  A draconian simulacrum (IceCv)
  4 lava snakes (D:12)
  2 hounds
  4 jellies
  5 centaur skeletons
  15 orc priests
  16 orc wizards
  3 iguanas
  3 troll simulacra (IceCv)
  9 worker ants
  Terence (D:3)
  2 spriggan simulacra (IceCv)
  2 centaur simulacra (IceCv)
  2 hound skeletons
  Robin (D:3)
  11 gnolls
  10 adders
  2 ogre simulacra (IceCv)
  8 shadow imps
  2 oozes
  An adder skeleton (D:9)
  A worm (D:2)
  9 dart slugs
  7 leopard geckos
  104 orcs
  3 bats
  6 giant cockroaches
  10 hobgoblins
  26 jackals
  21 kobolds
  4 quokkas
  4 ball pythons
  9 frilled lizards
  15 goblins
  2 jackal skeletons
  A leopard gecko skeleton (D:4)
  7 rats
569 creatures vanquished.

Vanquished Creatures (others)
  An orc knight (Orc:1)
  An orc warrior (Orc:2)
  9 plants (D:11)
11 creatures vanquished.

Grand Total: 580 creatures vanquished

Notes
Turn   | Place    | Note
-------+----------+-------------------------------------------
     0 | D:1      | 15 the Tengu Air Elementalist began the quest for the Orb.
     0 | D:1      | Reached XP level 1. HP: 10/10 MP: 4/4
   204 | D:1      | Reached XP level 2. HP: 15/15 MP: 1/6
   405 | D:1      | Reached skill level 1 in Armour
   610 | D:1      | Reached XP level 3. HP: 20/20 MP: 7/7
   679 | D:1      | Learned a level 2 spell: Swiftness
   683 | D:1      | Learned a level 3 spell: Static Discharge
  1349 | D:2      | Reached XP level 4. HP: 23/24 MP: 8/8
  1436 | D:2      | Reached skill level 1 in Short Blades
  1979 | D:2      | You fall into a shaft and drop 2 floors!
  1986 | D:4      | Got a brightly glowing scimitar
  1987 | D:4      | Identified the cursed +1 scimitar "Zaorasam" {slice, rElec
                  | rF+ rC- Str+6} (You found it on level 4 of the Dungeon)
  2007 | D:4      | Gained mutation: You can fly continuously. [Tengu growth]
  2007 | D:4      | Reached XP level 5. HP: 28/28 MP: 5/9
  2253 | D:2      | Found a burning altar of Makhleb.
  2408 | D:2      | Reached skill level 1 in Fighting
  2664 | D:3      | Reached XP level 6. HP: 34/34 MP: 1/11
  2703 | D:3      | Reached skill level 5 in Air Magic
  2709 | D:3      | Noticed Terence
  2713 | D:3      | Killed Terence
  2736 | D:3      | Learned a level 4 spell: Airstrike
  2882 | D:3      | Found a sacrificial altar of Ru.
  2928 | D:3      | Noticed Robin
  2941 | D:3      | Killed Robin
  3344 | D:3      | Found a blossoming altar of Fedhas.
  3366 | D:3      | Noticed an oklob plant
  3763 | D:4      | Noticed Eustachio
  3773 | D:4      | Killed Eustachio
  3773 | D:4      | Reached XP level 7. HP: 38/38 MP: 11/13
  3888 | D:4      | Found a staircase to the Ecumenical Temple.
  3897 | Temple   | Entered the Ecumenical Temple
  4203 | D:4      | Noticed Edmund
  4221 | D:4      | Killed Edmund
  4221 | D:4      | Reached skill level 6 in Air Magic
  4620 | D:4      | Reached XP level 8. HP: 43/43 MP: 7/14
  4893 | D:4      | Found a shimmering blue altar of Sif Muna.
  4893 | D:4      | Found a shadowy altar of Dithmenos.
  5114 | D:5      | Entered Level 5 of the Dungeon
  5178 | D:5      | Got a glittering ivory ring
  5179 | D:5      | Identified the ring of Xusynaiwna {rPois rF+ MP-9 Str+3}
                  | (You found it on level 5 of the Dungeon)
  5214 | D:5      | Found a stormy altar of Qazlal.
  5225 | D:5      | Reached skill level 1 in Throwing
  5357 | D:5      | Found a basalt altar of Yredelemnul.
  5438 | D:5      | Noticed Grinder
  5574 | D:5      | Learned a level 5 spell: Lightning Bolt
  5616 | D:5      | Noticed Menkaure
  5732 | D:5      | Killed Grinder
  5732 | D:5      | Reached skill level 5 in Conjurations
  5732 | D:5      | Reached skill level 7 in Air Magic
  6197 | D:5      | Reached skill level 5 in Dodging
  6201 | D:5      | Killed Menkaure
  6201 | D:5      | Reached XP level 9. HP: 42/48 MP: 17/17
  6417 | D:6      | Reached skill level 5 in Spellcasting
  6634 | D:6      | Reached skill level 8 in Air Magic
  7193 | D:6      | Reached skill level 9 in Air Magic
  7431 | D:6      | Found a radiant altar of Vehumet.
  7437 | D:6      | Became a worshipper of Vehumet
  7807 | D:7      | Reached skill level 5 in Armour
  7990 | D:7      | Found Usivaxt's Book Shop.
  8063 | D:6      | Upgraded the game from 0.25-a0-310-g60f0ac2 to
                  | 0.25-a0-316-gd28d56f
  8508 | D:7      | Reached XP level 10. HP: 53/53 MP: 6/20
  8715 | D:7      | Learned a level 3 spell: Mephitic Cloud
  8741 | D:7      | Found Qeeffiu's Weapon Boutique.
  9205 | D:8      | Reached skill level 10 in Air Magic
  9483 | D:8      | Found Zifaj's Food Shoppe.
  9489 | D:8      | Bought a ration for 70 gold pieces
  9489 | D:8      | Bought a ration for 70 gold pieces
  9489 | D:8      | Found an ornate altar of the Wu Jian Council.
  9679 | D:8      | Noticed Maurice
  9689 | D:8      | Killed Maurice
  9867 | D:8      | Reached * piety under Vehumet
  9867 | D:8      | Offered knowledge of Freeze by Vehumet.
 10271 | D:9      | Found a hazy altar of Hepliaklqana.
 10857 | D:9      | Found a hide-covered altar of Uskayaw.
 10865 | D:9      | Found an opulent altar of Gozag.
 10872 | D:9      | Found an iron altar of Okawaru.
 11090 | D:10     | Entered Level 10 of the Dungeon
 11157 | D:10     | Reached skill level 11 in Air Magic
 11316 | D:10     | Offered knowledge of Sandblast by Vehumet.
 11320 | D:10     | Learned a level 2 spell: Blink
 11321 | D:10     | Reached ** piety under Vehumet
 11384 | D:10     | Reached XP level 11. HP: 53/57 MP: 5/23
 13009 | D:11     | Found a staircase to the Orcish Mines.
 13149 | D:11     | Found a staircase to the Lair.
 13306 | D:11     | Offered knowledge of Ignite Poison by Vehumet.
 13326 | D:10     | Learned a level 3 spell: Ignite Poison
 13556 | D:11     | Reached *** piety under Vehumet
 13873 | D:11     | Reached skill level 1 in Long Blades
 14263 | D:11     | Offered knowledge of Inner Flame by Vehumet.
 14267 | D:11     | Reached skill level 1 in Fire Magic
 14302 | D:11     | Reached skill level 1 in Poison Magic
 15103 | D:11     | Reached XP level 12. HP: 64/64 MP: 11/25
 15123 | D:11     | Reached **** piety under Vehumet
 15324 | D:11     | Learned a level 3 spell: Summon Guardian Golem
 15530 | D:12     | Reached skill level 12 in Air Magic
 15572 | D:12     | Found a flagged portal.
 15707 | Bailey   | Entered a bailey
 15710 | Bailey   | Offered knowledge of Stone Arrow by Vehumet.
 16155 | Bailey   | Learned a level 3 spell: Stone Arrow
 16797 | Bailey   | Reached ***** piety under Vehumet
 16965 | D:12     | Offered knowledge of Starburst by Vehumet.
 17084 | D:12     | Learned a level 6 spell: Starburst
 17856 | D:13     | Found a frozen archway.
 17865 | D:13     | HP: 1/64 [crocodile (7)]
 17944 | D:13     | Reached skill level 1 in Evocations
 18096 | D:13     | Reached skill level 1 in Polearms
 18119 | IceCv    | Entered an ice cave
 18688 | IceCv    | Reached XP level 13. HP: 60/69 MP: 8/27
 18959 | IceCv    | Reached skill level 10 in Spellcasting
 19256 | IceCv    | Reached skill level 10 in Conjurations
 19518 | IceCv    | Got a distressingly furry leather armour
 19529 | IceCv    | Identified the +2 leather armour "Kuynomoki" {Str+5} (You
                  | found it in an ice cave)
 19854 | D:13     | Noticed a vault guard
 19854 | D:13     | Noticed an ice dragon
 21445 | D:13     | Found a gate to the Vaults.
 21687 | D:14     | Found a stormy altar of Qazlal.
 21938 | D:14     | Upgraded the game from 0.25-a0-316-gd28d56f to
                  | 0.25-a0-317-g5f8687b
 22325 | D:14     | Noticed an iron dragon
 22326 | D:14     | Found the +6 shillelagh "Devastator" {shatter}
 22363 | D:14     | Reached skill level 10 in Dodging
 22519 | Orc:1    | Entered Level 1 of the Orcish Mines
 22524 | Orc:1    | Reached skill level 13 in Air Magic
 24131 | D:13     | Reached skill level 1 in Earth Magic
 24278 | D:14     | Reached XP level 14. HP: 49/76 MP: 15/29
 24538 | Orc:1    | Offered knowledge of Sticky Flame by Vehumet.
 24539 | Orc:1    | Reached skill level 5 in Fire Magic
 24586 | D:11     | Learned a level 4 spell: Sticky Flame
 24912 | Orc:2    | Entered Level 2 of the Orcish Mines
 24974 | Orc:2    | Noticed Urug
 25086 | Orc:1    | Mangled by an orc knight

Levels and vault maps discovered:
D:1:      nicolae_arrival_somewhat_less_tricky_arrival, layout_basic,
          nrook_mini_backslash, minmay_domino_4
D:2:      layout_loops_corners, lightli_temple_of_fire, minmay_divided_ellipse
D:3:      layout_loops_ring, tgw_fedhas, nicolae_ru_the_path_less_chosen,
          uniq_robin, uniq_terence
D:4:      layout_loops_cross, gammafunk_temple_overflow_elements,
          lemuel_temple_firewalk_b, guppyfry_early_orc_mine, uniq_eustachio,
          uniq_edmund
D:5:      layout_basic, old_standard_altar, lemuel_doored_altar, first_ration,
          uniq_grinder, uniq_menkaure
D:6:      layout_cave_pools, lemuel_round_altar, centaur_isle
D:7:      layout_loops_ring, serial_shops, shop, nicolae_shop_trees
D:8:      layout_rooms, overflow_temple_1_default, serial_shops,
          nicolae_shop_trees, uniq_maurice
D:9:      layout_long_grid, kennysheep_mini, okawaru_metal_pillars_1_2,
          overflow_temple_1_default, basic_altar
D:10:     layout_layer_cave
D:11:     layout_long_grid, david_lair_shrubbed, david_orc_3,
          hangedman_fish_farm, grunt_decor_cap, amethyst_killhole
D:12:     layout_rooms, enter_bailey_2, disabler_island
D:13:     layout_long_grid, david_vaults_4, portal_ice_cave_entry_ice_beasts
D:14:     minmay_roctagon, layout_loops_ring, lemuel_altar_in_water
Temple:   pf_slimified_temple
Orc:1:    layout_caves, basic_altar
Orc:2:    st_orc_town, layout_caves, serial_shops, bzr_entry_water,
          nicolae_orc_sculptors_studio, chequers_guarded_unrand_ignorance,
          uniq_urug, uniq_donald

Skill      XL: |  1  2  3  4  5  6  7  8  9 10 11 12 13 14 |
---------------+-------------------------------------------+-----
Armour         | 1 2 3 4 5 6 7 8 9 |  9.8
Short Blades   | 1 2 3 4 |  4.7
Conjurations   | 2 3 4 5 6 7 9 10 | 10.7
Dodging        | 3 4 5 6 7 8 9 10 | 10.3
Fighting       | 1 2 3 4 |  4.9
Spellcasting   | 3 4 6 7 8 9 10 | 10.5
Air Magic      | 5 6 7 9 11 12 13 | 13.3
Throwing       | 1 2 |  2.1
Stealth        | 3 4 |  4.2
Long Blades    | 1 |  1.2
Fire Magic     | 1 3 4 5 |  5.1
Poison Magic   | 1 |  1.8
Evocations     | 2 4 |  4.2
Polearms       | 1 2 |  2.1
Earth Magic    | 1 |  1.4
Shields        | |  0.7
Charms         | |  0.1
Translocations | |  0.8
Transmutations | |  0.2

Action                   |  1- 3 |  4- 6 |  7- 9 | 10-12 | 13-15 || total
-------------------------+-------+-------+-------+-------+-------++-------
Melee: Unarmed           |     9 |       |       |       |       ||     9
       Kick              |     9 |    18 |    26 |    72 |    64 ||   189
       Peck              |     3 |     3 |    12 |    56 |    53 ||   127
       Dagger            |    43 |    65 |    32 |       |    40 ||   180
       Scimitar          |       |     7 |     6 |     5 |     5 ||    23
       Trident           |       |     6 |       |       |       ||     6
       Rapier            |       |       |    44 |   190 |   105 ||   339
       Great sword       |       |       |       |     1 |       ||     1
       Bardiche          |       |       |       |    59 |    45 ||   104
       Shillelagh        |       |       |       |       |     8 ||     8
Throw: Dart              |       |    11 |    21 |    16 |    31 ||    79
 Cast: Shock             |    39 |    92 |    84 |   224 |    59 ||   498
       Static Discharge  |       |     6 |       |     2 |       ||     8
       Airstrike         |       |     3 |    64 |   216 |   128 ||   411
       Swiftness         |       |     1 |     2 |     7 |     3 ||    13
       Lightning Bolt    |       |       |     4 |    27 |    12 ||    43
       Mephitic Cloud    |       |       |       |    34 |    12 ||    46
       Ignite Poison     |       |       |       |    24 |    10 ||    34
       Blink             |       |       |       |     4 |     9 ||    13
       Stone Arrow       |       |       |       |     8 |    13 ||    21
       Starburst         |       |       |       |     8 |     9 ||    17
       Sticky Flame      |       |       |       |       |     2 ||     2
 Abil: Fly               |       |       |     1 |       |       ||     1
Evoke: Wand              |       |       |     2 |    10 |    18 ||    30
       Fan of gales      |       |       |       |       |     1 ||     1
       Sack of spiders   |       |       |       |       |     1 ||     1
  Use: Scroll            |     2 |     6 |     7 |    17 |    10 ||    42
       Potion            |       |     1 |     3 |    12 |     4 ||    20
 Stab: Distracted        |     1 |       |       |       |       ||     1
       Sleeping          |       |    11 |     2 |     3 |     7 ||    23
       Invisible         |       |       |     1 |       |     1 ||     2
       Confused          |       |       |       |     7 |     4 ||    11
  Eat: Chunk             |     2 |     9 |    13 |    43 |    15 ||    82
       Ration            |       |       |     4 |     6 |     6 ||    16
Armor: Robe              |     9 |    12 |    17 |    37 |    20 ||    95
       Skin              |       |       |       |     6 |       ||     6
       Troll leather arm |       |       |       |       |    10 ||    10
Dodge: Dodged            |    38 |    68 |    75 |   344 |   226 ||   751
Block: Other             |       |       |       |     4 |    18 ||    22
       Reflection        |       |       |       |       |     1 ||     1
       Rpst.: Scimitar   |       |     1 |       |     3 |     2 ||     6
       Great sword       |       |       |       |     1 |       ||     1

Table legend:
 A = Non-vault XP
 B = Vault XP
 C = Vault XP percentage of total XP
 D = Non-vault monster count
 E = Vault monster count
 F = Vault count percentage of total count
                 A         B        C        D         E       F
            +---------+---------+-------+---------+---------+-------
      Total |   38683 |   18227 |  32.0 |     430 |     140 |  24.6
            +---------+---------+-------+---------+---------+-------
        D:1 |      69 |       7 |   9.2 |      33 |       3 |   8.3
        D:2 |     146 |      44 |  23.2 |      31 |      12 |  27.9
        D:3 |     161 |      63 |  28.1 |      31 |      10 |  24.4
        D:4 |     412 |     559 |  57.6 |      21 |       9 |  30.0
        D:5 |     549 |     453 |  45.2 |      15 |       2 |  11.8
        D:6 |     580 |     681 |  54.0 |      20 |       6 |  23.1
        D:7 |    1385 |       0 |   0.0 |      25 |       0 |   0.0
        D:8 |    1545 |     469 |  23.3 |      27 |       1 |   3.6
        D:9 |    1275 |       0 |   0.0 |      31 |       0 |   0.0
       D:10 |    2360 |       3 |   0.1 |      23 |       1 |   4.2
       D:11 |    8308 |     856 |   9.3 |      59 |       8 |  11.9
       D:12 |    3439 |     897 |  20.7 |      21 |       5 |  19.2
       D:13 |    8562 |    1754 |  17.0 |      32 |      10 |  23.8
       D:14 |    7140 |    4484 |  38.6 |      25 |       5 |  16.7
      Orc:1 |    2570 |     343 |  11.8 |      31 |       2 |   6.1
      Orc:2 |     182 |     307 |  62.8 |       5 |       5 |  50.0
     Bailey |       0 |    2314 | 100.0 |       0 |      39 | 100.0
      IceCv |       0 |    4993 | 100.0 |       0 |      22 | 100.0
            +---------+---------+-------+---------+---------+-------
